 Dungeon Crawl Stone Soup version 0.29-a0-563-g64e4043184 (webtiles) character file.

Game seed: 2192531652055783532

84 grumblor the Sneak (level 4, -2/31 HPs)
             Began as an Octopode Monk on June 11, 2022.
             Slain by an ogre
             ... wielding a +0 giant spiked club
              (33 damage)
             ... on level 4 of the Dungeon.
             The game lasted 00:02:40 (3158 turns).

grumblor the Sneak (Octopode Monk)                  Turns: 3158, Time: 00:02:40

Health: -2/31      AC:  1    Str: 10    XL:     4   Next: 46%
Magic:  5/5        EV: 14    Int: 12    God:
Gold:   156        SH:  0    Dex: 16    Spells: 5/5 levels left

rFire   . . .      SeeInvis .     - Unarmed
rCold   . . .      Faith    .   (no shield)
rNeg    . . .      Spirit   .   (helmet restricted)
rPois   .          Reflect  .   b - amulet of regeneration
rElec   .          Harm     .   (no ring)
rCorr   .          Rampage  .   (no ring)
Will    .....                   (no ring)
Stlth   ++++......              (no ring)
HPRegen 0.90/turn               (no ring)
MPRegen 0.09/turn               (no ring)
                                (no ring)
                                (no ring)

@: no status effects
A: almost no armour, amphibious, 8 rings, camouflage 1, gelatinous body 1,
(nimble swimmer 1), tentacles
a: no special abilities


You were on level 4 of the Dungeon.
You visited 1 branch of the dungeon, and saw 4 of its levels.

You collected 156 gold pieces.

Inventory:

Missiles
 c - 5 poisoned darts (quivered)
Jewellery
 b - an amulet of regeneration (around mantle)
Scrolls
 d - 2 scrolls of teleportation
Potions
 a - a potion of ambrosia
 e - a potion of mutation
 f - a potion of might
 g - a potion of brilliance {unknown}
 h - a potion of lignification {unknown}
 i - a potion of curing {unknown}
 j - 2 potions of degeneration {unknown}
 k - 2 potions of haste {unknown}
 l - a potion of flight {unknown}


   Skills:
 * Level 3.3 Fighting
 * Level 0.5 Throwing
 * Level 3.6 Dodging
 + Level 3.7 Stealth
 + Level 3.4 Unarmed Combat
 * Level 1.2 Spellcasting


You had 5 spell levels left.
You didn't know any spells.
Your spell library was empty.

Dungeon Overview and Level Annotations

Branches:
Dungeon (4/15)
 Temple: D:4-7

Altars:
Kikubaaqudgha

Shops:
D:1 =


Innate Abilities, Weirdness & Mutations

You cannot wear most types of armour.
You are amphibious.
You can wear up to eight rings at the same time.
Your skin changes colour to match your surroundings (Stealth+).
Your rubbery body absorbs attacks. (AC +1, EV +1)
((You are camouflaged when in or above water. (Stealth+)))
You have tentacles for arms and can constrict up to eight enemies at once.


Message History

Done exploring.
No target in view!
Done exploring.
No target in view!
No target in view!
Done exploring.
No target in view!
Done exploring.
No target in view!
No target in view!
Done exploring.
Okay, then.
Done exploring.
Done exploring.
(D) Dungeon
Where to? (Enter - D:3, ? - help)
There is a stone staircase leading down here.
You climb downwards.
There is a stone staircase leading up here.
An ogre is nearby!
The helpless ogre fails to defend itself.
You tentacle-slap the ogre but do no damage.
Your squeeze misses the ogre. The ogre misses you.
You completely miss the ogre. You squeeze the ogre!
The ogre is moderately wounded.
You tentacle-slap the ogre.
The ogre is heavily wounded.
The ogre closely misses you.
You tentacle-slap the ogre.
The ogre is heavily wounded.
A hobgoblin comes into view.
The hobgoblin shouts!
You tentacle-slap the ogre.
The ogre is severely wounded.
The ogre misses you.
You tentacle-slap the ogre.
The ogre is almost dead.
The ogre hits you with a +0 giant spiked club!!
Ouch! That really hurt!
You die...

######.#.
#@.......
#..O.....#.
#........#
#........#
.........#
#..g......#
#.#.#####.#
#.#. .#


You could see an ogre and a hobgoblin.

Vanquished Creatures
  2 adders (D:3)
  2 worms
  2 dart slugs
  7 orcs (D:3)
  3 ball pythons
  6 bats
  An endoplasm (D:2)
  2 giant cockroaches (D:1)
  5 goblins
  6 hobgoblins
  3 kobolds
  A quokka (D:2)
  4 frilled lizards
  4 rats
48 creatures vanquished.

Notes
Turn   | Place    | Note
-------+----------+-------------------------------------------
     0 | D:1      | grumblor the Octopode Monk began the quest for the Orb.
     0 | D:1      | Reached XP level 1. HP: 16/16 MP: 1/1
   404 | D:1      | Reached XP level 2. HP: 19/21 MP: 2/2
   435 | D:1      | Found a faded altar of an unknown god.
  1039 | D:1      | Found Tumumabo's Jewellery Emporium.
  1168 | D:2      | Found an ancient bone altar of Kikubaaqudgha.
  1282 | D:2      | Reached XP level 3. HP: 18/26 MP: 2/4
  1583 | D:2      | Identified the +1 hunting sling of Responsibility {freeze,
                  | Str+2 Int+2 Dex+3}
  2276 | D:3      | Reached skill level 1 in Spellcasting
  2482 | D:3      | Reached XP level 4. HP: 13/31 MP: 5/5
  3152 | D:4      | Noticed an ogre
  3158 | D:4      | Slain by an ogre

Illustrated notes

Levels and vault maps discovered:
D:1:      dpeg_arrival_rooms_a, layout_loops_corners,
          dreamdust_ecumenical_altar_angels_and_demons, serial_shops, shop,
          minivault_27
D:2:      layout_basic, basic_altar, interstate_on_off, minmay_misc_feat_rows
D:3:      layout_basic, kennysheep_generic_room_5
D:4:      layout_basic, uniq_menkaure, uniq_blork_the_orc

Skill      XL: |  1  2  3 |
---------------+----------+-----
Stealth        | 3 |  3.7
Spellcasting   | 1 |  1.2
Fighting       | |  3.3
Throwing       | |  0.5
Dodging        | |  3.6
Unarmed Combat | |  3.4

Action                   |  1- 3 |  4- 6 || total
-------------------------+-------+-------++-------
Melee: Unarmed           |    88 |    24 ||   112
       Constrict         |    24 |     5 ||    29
       Tentacles         |    17 |     5 ||    22
       Punch             |     2 |       ||     2
Throw: Dart              |     1 |       ||     1
  Use: Scroll            |     6 |     2 ||     8
 Stab: Sleeping          |    13 |     2 ||    15
Armor: Skin              |     4 |     2 ||     6
Dodge: Dodged            |    41 |    15 ||    56

Table legend: (Time is in decaauts)
 A = Elapsed time spent in this place.
 B = Non-inter-level travel time spent in this place.
 C = Inter-level travel time spent in this place.
 D = Time resting spent in this place.
 E = Time spent auto-exploring this place.
 F = Levels seen in this place.
 G = Mean time per level.
                   A        B        C        D        E       F      G
               +--------+--------+--------+--------+--------+-----+--------+
         Total |   3150 |   3039 |    111 |      0 |   2668 |   4 |  787.5 |
       Dungeon |   3150 |   3039 |    111 |      0 |   2668 |   4 |  787.5 |
               +--------+--------+--------+--------+--------+-----+--------+

Top non-repeatable levels by time:
     D:2: 1122 daAuts
     D:1: 1091 daAuts
     D:3: 931 daAuts
     D:4: 5 daAuts
